 Dungeon Crawl Stone Soup version 0.25-a0-635-g0c6c292 (webtiles) character file.

Game seed: 268346841374595050, levelgen mode: deterministic

1320 robertstho the Chopper (level 8, -2/49 HPs)
             Began as a Tengu Fighter on Mar 20, 2020.
             Was a Believer of Okawaru.
             Slain by an orc priest
             ... wielding a +0 war axe
              (6 damage)
             ... on level 6 of the Dungeon.
             The game lasted 00:05:44 (3817 turns).

robertstho the Chopper (Tengu Fighter)              Turns: 3817, Time: 00:05:47

Health: -2/49      AC: 15    Str: 19    XL:     8   Next: 59%
Magic:  9/11       EV:  7    Int:  9    God:    Okawaru [**....]
Gold:   226        SH: 11    Dex: 11    Spells: 7/7 levels left

rFire    . . .     SeeInvis +   z - +1 broad axe
rCold    . . .     Gourm    .   c - +0 kite shield
rNeg     . . .     Faith    .   r - +0 plate armour
rPois    +         Spirit   .   (helmet restricted)
rElec    .         Reflect  .   (no cloak)
rCorr    .         Harm     .   (no gloves)
MR       +....                  (boots unavailable)
Stlth    ..........             (no amulet)
HPRegen  0.16/turn              q - ring of poison resistance
MPRegen  0.12/turn              p - ring of see invisible

@: heroism
A: antennae 1, beak, talons 3, clumsy 1, magic resistance 1, able to fly
a: Fly, Heroism, Renounce Religion


You were on level 6 of the Dungeon.
You worshipped Okawaru.
Okawaru was pleased with you.
You were not hungry.

You visited 1 branch of the dungeon, and saw 6 of its levels.

You collected 226 gold pieces.

Inventory:

Hand Weapons
 s - a +2 whip of electrocution
 z - a +1 broad axe (weapon)
Armour
 c - a +0 kite shield (worn)
 r - a +0 plate armour (worn)
Jewellery
 i - a +3 ring of dexterity
 p - a ring of see invisible (right hand)
 q - a ring of poison resistance (left hand)
Wands
 a - a wand of acid (18)
 l - a wand of disintegration (11)
Scrolls
 b - 3 scrolls of enchant weapon
 h - 6 scrolls of identify {unknown}
 j - a scroll of random uselessness {unknown}
 k - a scroll of teleportation {unknown}
 n - 3 scrolls of remove curse {unknown}
 o - a scroll of blinking {unknown}
 t - a scroll of fear {unknown}
 v - a scroll of acquirement {unknown}
 w - a scroll of enchant armour {unknown}
 x - a scroll of amnesia {unknown}
 y - a scroll of torment {unknown}
 A - a scroll of fog {unknown}
Potions
 g - a potion of resistance {unknown}
 m - a potion of mutation
 u - a potion of heal wounds {unknown}
Comestibles
 d - 3 chunks of flesh
 f - 8 rations


   Skills:
 * Level 5.0(10.0) Fighting
 + Level 6.5(11.5) Axes
 * Level 6.5(11.5) Armour
 + Level 1.0(6.0) Dodging
 + Level 4.2(9.2) Shields
 * Level 3.4 Invocations


You had 7 spell levels left.
You didn't know any spells.
Your spell library was empty.

Dungeon Overview and Level Annotations

Branches:
Dungeon (6/15)             Temple (0/1) D:4

Altars:
Elyvilon
Fedhas
Gozag
Okawaru
Sif Muna
Uskayaw
Vehumet
Wu Jian
The Shining One

Shops:
D:5 :


Innate Abilities, Weirdness & Mutations

You have a beak for a mouth.
You have claws for feet.
You can fly continuously.
You have a pair of small antennae on your head.
You are clumsy. (Dex -2)
You are resistant to hostile enchantments. (MR+)


Message History

The orc priest looks satisfied for a moment.
The orc priest hits you but does no damage.
You hit the orc priest.
The orc priest is moderately wounded.
You barely miss the orc priest. You block the orc priest's attack.
The orc warrior hits you from afar with a +0 trident!
* * * LOW HITPOINT WARNING * * *
You block the orc priest's attack.
As you read the scroll labeled CUPONE ZAKORO, it crumbles to dust.
It is a scroll of enchant weapon.
Your +0 broad axe glows red for a moment.
The orc warrior closely misses you. You block the orc priest's attack.
It was a potion of mutation.
You feel extremely strange.
You feel clumsy. A pair of antennae grows on your head!
You feel resistant to hostile enchantments.
The orc priest invokes the aid of Beogh against you.
You resist with some effort.
The orc warrior hits you but does no damage.
The orc priest hits you with a +0 war axe.
You die...

........'....#...................
........#....#...................
.(......##################....##.
..................)......#....###
#+######.................#.......
# #.................#....... #
#.................#....... #
#.........O.......#....... #
#........@o.......#######. #
###+######o)....###..####. #
#o)....#......... #
#......#....#.### #
#......#...#_._._ #
'......#......... +
#......#..#P..⌠.. #
#......#..##PP... # #......#+#
###+##


You could see an orc warrior, an ogre and 2 orc priests.

Vanquished Creatures
  3 ogres
  A centaur (D:5)
  A bullfrog (D:6)
  3 scorpions
  2 howler monkeys
  A crimson imp (D:5)
  5 hounds
  2 orc priests
  4 orc wizards
  A bullfrog skeleton (D:4)
  5 worker ants
  A hound skeleton (D:5)
  4 gnolls (D:6)
  An adder (D:3)
  An adder zombie (D:5)
  4 worms
  3 leopard geckos
  31 orcs
  12 bats
  A giant cockroach (D:1)
  7 goblins
  7 hobgoblins
  2 quokkas
  A ball python (D:3)
  2 frilled lizards
  8 kobolds
  A quokka skeleton (D:4)
  3 rats
117 creatures vanquished.

Notes
Turn   | Place    | Note
-------+----------+-------------------------------------------
     0 | D:1      | robertstho the Tengu Fighter began the quest for the Orb.
     0 | D:1      | Reached XP level 1. HP: 14/14 MP: 2/2
    58 | D:1      | Reached XP level 2. HP: 18/19 MP: 3/3
   544 | D:2      | Reached XP level 3. HP: 22/23 MP: 4/4
   594 | D:2      | Found an iron altar of Okawaru.
   623 | D:2      | Became a worshipper of Warmaster Okawaru
  1045 | D:3      | Reached XP level 4. HP: 29/29 MP: 5/5
  1071 | D:3      | Found a faded altar of an unknown god.
  1297 | D:3      | Reached skill level 1 in Invocations
  1297 | D:3      | Gained mutation: You can fly continuously. [Tengu growth]
  1297 | D:3      | Reached XP level 5. HP: 31/33 MP: 5/7
  1436 | D:3      | Found a white marble altar of Elyvilon.
  1436 | D:3      | Found an ornate altar of the Wu Jian Council.
  1597 | D:4      | Found a hide-covered altar of Uskayaw.
  1597 | D:4      | Noticed a +0 dagger
  1597 | D:4      | Noticed a -3 dagger
  1647 | D:4      | Noticed an ogre
  2019 | D:4      | Reached XP level 6. HP: 32/38 MP: 8/8
  2059 | D:4      | Reached * piety under Okawaru
  2367 | D:4      | Found a staircase to the Ecumenical Temple.
  2422 | D:4      | Reached XP level 7. HP: 37/43 MP: 9/9
  2427 | D:4      | Reached skill level 5 in Armour
  2435 | D:4      | Reached skill level 5 in Axes
  2694 | D:5      | Entered Level 5 of the Dungeon
  2719 | D:5      | Found Hoikh's Book Boutique.
  2769 | D:5      | Found a blossoming altar of Fedhas.
  2781 | D:5      | Reached ** piety under Okawaru
  2781 | D:5      | Reached skill level 1 in Dodging
  2809 | D:5      | Reached XP level 8. HP: 27/48 MP: 9/11
  3047 | D:5      | Found a glowing golden altar of the Shining One.
  3375 | D:6      | Found a radiant altar of Vehumet.
  3379 | D:6      | Found an opulent altar of Gozag.
  3386 | D:6      | Found a shimmering blue altar of Sif Muna.
  3414 | D:6      | Reached skill level 5 in Fighting
  3817 | D:6      | Gained mutation: You are clumsy. (Dex -2) [potion of
                  | mutation]
  3817 | D:6      | Gained mutation: You have a pair of small antennae on your
                  | head. [potion of mutation]
  3817 | D:6      | Gained mutation: You are resistant to hostile enchantments.
                  | (MR+) [potion of mutation]
  3817 | D:6      | Slain by an orc priest

Levels and vault maps discovered:
D:1:      scummos_arrival_checkerplants, layout_basic,
          chequers_serial_rivers_micro_c
D:2:      layout_basic, okawaru_ov_weapons_minmay
D:3:      layout_basic, amethyst_overflow_temple_binary,
          chequers_ecumenical_altar_simple_redux
D:4:      layout_basic, dancing_weapons_uskayaw, minmay_temple_entry_fiery,
          first_ration, minmay_pentomino_pile
D:5:      layout_rooms, fedhas_bush_and_centaur_altar, serial_shops,
          kennysheep_little_box, tso_altar
D:6:      layout_gridville, gammafunk_temple_overflow_forgotten

Skill      XL: |  1  2  3  4  5  6  7  8 |
---------------+-------------------------+-----
Armour         | 4 5 6 |  6.5
Axes           | 3 4 5 6 |  6.5
Invocations    | 1 2 3 |  3.4
Fighting       | 4 5 |  5.0
Dodging        | 1 |  1.0
Shields        | 4 |  4.2

Action                   |  1- 3 |  4- 6 |  7- 9 || total
-------------------------+-------+-------+-------++-------
Melee: War axe           |    67 |    73 |   115 ||   255
       Kick              |    13 |    18 |    45 ||    76
       Peck              |     6 |    17 |    37 ||    60
       Broad axe         |       |       |    48 ||    48
Invok: Heroism           |       |       |     3 ||     3
  Use: Potion            |       |     1 |     3 ||     4
       Scroll            |       |       |     1 ||     1
  Eat: Chunk             |     1 |     4 |     5 ||    10
Armor: Scale mail        |    43 |     5 |       ||    48
       Plate armour      |       |    46 |    83 ||   129
       Chain mail        |       |     6 |       ||     6
Dodge: Dodged            |    20 |    10 |    33 ||    63
Block: Kite shield       |    45 |    53 |   100 ||   198

Table legend:
 A = Non-vault XP
 B = Vault XP
 C = Vault XP percentage of total XP
 D = Non-vault monster count
 E = Vault monster count
 F = Vault count percentage of total count
                 A         B        C        D         E       F
            +---------+---------+-------+---------+---------+-------
      Total |    1662 |     224 |  11.9 |     112 |       5 |   4.3
            +---------+---------+-------+---------+---------+-------
        D:1 |      33 |       0 |   0.0 |      19 |       0 |   0.0
        D:2 |      15 |       0 |   0.0 |       7 |       0 |   0.0
        D:3 |     203 |       0 |   0.0 |      34 |       0 |   0.0
        D:4 |     492 |     100 |  16.9 |      16 |       4 |  20.0
        D:5 |     564 |     124 |  18.0 |      17 |       1 |   5.6
        D:6 |     355 |       0 |   0.0 |      19 |       0 |   0.0
            +---------+---------+-------+---------+---------+-------
